 Dungeon Crawl Stone Soup version 0.30.0-29-ga12c61a403 (webtiles) character file.

Game seed: 899036746687758106

312 Josd the Slasher (level 6, -17/56 HPs)
             Began as a Minotaur Chaos Knight on June 5, 2023.
             Was a Plaything of Xom.
             Killed from afar by an acid dragon (22 damage)
             ... with a splash of acid
             ... on level 6 of the Dungeon.
             The game lasted 00:10:34 (2962 turns).

Josd the Slasher (Minotaur Chaos Knight)            Turns: 2962, Time: 00:10:34

Health: -17/56     AC:  6    Str: 17    XL:     6   Next: 18%
Magic:  5/5        EV: 15    Int:  9    God:    Xom [...*..]
Gold:   283        SH:  0    Dex: 11    Spells: 5/5 levels left

rFire   + + .        a - +0 falchion (chaos)
rCold   + . .        (no shield)
rNeg    . . .        s - +0 scale mail of Thoughtfulness {rF++ rC+}
rPois   .            (helmet restricted)
rElec   .            u - +2 cloak
rCorr   .            (no gloves)
SInv    .            (no boots)
Will    .....        (no amulet) Stlth
                     f - +5 ring of evasion
HPRegen 0.29/turn    t - +4 ring of slaying
MPRegen 0.09/turn

%: no passive effects
@: corroded
A: horns 2, retaliatory headbutt
a: Renounce Religion


You were on level 6 of the Dungeon.
You worshipped Xom.
You were a favourite toy of Xom.
You visited 1 branch of the dungeon, and saw 6 of its levels.

You collected 283 gold pieces.

Inventory:

Hand Weapons
 a - a +0 falchion of chaos (weapon)
Missiles
 j - 3 poisoned darts
Armour
 b - a +2 leather armour
 s - the +0 scale mail of Thoughtfulness (worn) {rF++ rC+}
   (You took it off a goblin on level 3 of the Dungeon)

   rF:        It greatly protects you from fire.
   rC:        It protects you from cold.
 u - a +2 cloak (worn)
Magical Staves
 o - a staff of earth
Jewellery
 f - a +5 ring of evasion (left hand)
 g - a ring of ice
 t - a +4 ring of slaying (right hand)
Wands
 w - a wand of iceblast (12)
 B - a wand of mindburst (14)
Scrolls
 e - a scroll of enchant armour
 n - a scroll of vulnerability {unknown}
 p - a scroll of poison {unknown}
 q - a scroll of amnesia
 r - a scroll of noise
 v - a scroll of torment {unknown}
 y - a scroll of silence {unknown}
 A - a scroll of teleportation {unknown}
Potions
 d - 2 potions of brilliance {unknown}
 h - 2 potions of curing {unknown}
 i - 2 potions of attraction {unknown}
 k - a potion of lignification {unknown}
 l - a potion of mutation {unknown}
 m - 2 potions of cancellation {unknown}
 x - a potion of degeneration {unknown}
 z - a potion of ambrosia {unknown}
Miscellaneous
 c - a piece from Xom's chessboard (15/15) (quivered)


   Skills:
 + Level 5.0 Fighting
 + Level 6.1 Long Blades
 + Level 3.7 Armour
 + Level 2.1 Dodging
 + Level 1.8 Stealth


You had 5 spell levels left.
You didn't know any spells.
Your spell library contained the following spells:

 Spells                   Type           Power      Damage    Failure   Level
 Kiss of Death            Conj/Necr      0%         2d5       78%         1
 Necrotise                Necr           0%         1d4       78%         1
 Summon Small Mammal      Summ           0%         N/A       78%         1
 Sublimation of Blood     Necr           0%         N/A       89%         2
 Confusing Touch          Hex            0%         N/A       98%         3
 Gell's Gravitas          Tloc           0%         N/A       98%         3
 Stone Arrow              Conj/Erth      0%         3d7       98%         3
 Teleport Other           Tloc           0%         N/A       98%         3
 Vampiric Draining        Necr           0%         2d6       98%         3
 Animate Armour           Summ/Erth      0%         N/A       100%        4
 Dispel Undead            Necr           0%         3d6       100%        4
 Petrify                  Tmut/Erth      0%         N/A       100%        4
 Agony                    Necr           0%         N/A       100%        5
 Irradiate                Conj/Tmut      0%         3d11      100%        5
 Dispersal                Tloc           0%         N/A       100%        6
 Lehudib's Crystal Spear  Conj/Erth      0%         10d2      100%        8


Dungeon Overview and Level Annotations

Branches:
Dungeon (6/15)             Temple (0/1) D:4

Altars:
Kikubaaqudgha
Trog
Uskayaw

Shops:
D:4 [


Innate Abilities, Weirdness & Mutations

You have a pair of horns on your head.
You reflexively headbutt those who attack you in melee.


Message History

An ogre comes into view. It is wielding a +0 giant club.
Found 11 gold pieces and a scratched ruby ring.
The ogre shouts!
You hear an angry hiss.
There is a stone staircase leading down here.
The acid dragon bites you.
The acid dragon claws you but does no damage.
You climb downwards.
Found a stone staircase leading up.
There is a stone staircase leading up here.
You barely miss the acid dragon. You headbutt the acid dragon.
The acid dragon is lightly wounded.
The acid dragon bites you but does no damage.
The acid dragon barely misses you.
You closely miss the acid dragon.
The acid dragon is lightly wounded.
The acid dragon bites you. The acid dragon barely misses you.
You hit the acid dragon.
The acid dragon is moderately wounded.
The acid dragon bites you! The acid dragon barely misses you.
You closely miss the acid dragon.
The acid dragon is moderately wounded.
The acid dragon spits acid at you. The splash of acid hits you!!
The acid corrodes you!
You hit the acid dragon. You burn the acid dragon.
The acid dragon is heavily wounded.
The acid dragon barely misses you. You furiously retaliate!
You headbutt the acid dragon. The acid dragon claws you.
* * * LOW HITPOINT WARNING * * *
You hit the acid dragon but do no damage.
You headbutt the acid dragon.
The acid dragon is severely wounded.
The acid dragon bites you!
* * * LOW HITPOINT WARNING * * *
The acid dragon barely misses you.
You barely miss the acid dragon. Your headbutt misses the acid dragon.
The acid dragon is severely wounded.
The acid dragon spits acid at you. The splash of acid hits you!!
You die...
Xom titters!

###
<.#
#.#
#.#
#.#
#D#
#@#
#.#
..#
####


You could see an acid dragon (catching breath).

Vanquished Creatures
  A howler monkey (D:3)
  A jelly (D:4)
  2 iguanas (D:4)
  An orc wizard (D:3)
  5 adders
  2 ufetubi
  A worm (D:2)
  A dart slug (D:4)
  5 orcs
  8 bats
  10 endoplasms
  3 giant cockroaches
  11 goblins
  5 hobgoblins
  8 jackals
  4 quokkas
  11 ball pythons
  4 frilled lizards
  11 kobolds
  7 rats
101 creatures vanquished.

Vanquished Creatures (collateral kills)
  A goblin (D:4)
1 creature vanquished.

Vanquished Creatures (others)
  A wizard (D:3)
1 creature vanquished.

Grand Total: 103 creatures vanquished

Notes
Turn   | Place    | Note
-------+----------+-------------------------------------------
     0 | D:1      | Josd the Minotaur Chaos Knight began the quest for the Orb.
     0 | D:1      | Reached XP level 1. HP: 19/19 MP: 0/0
   103 | D:1      | XOM: silly message
   132 | D:1      | Reached skill level 4 in Long Blades
   132 | D:1      | Reached XP level 2. HP: 27/27 MP: 1/1
   240 | D:1      | XOM: silly message
   338 | D:1      | Found a faded altar of an unknown god.
   349 | D:1      | Got Plato's Grimoire of Anarchy
   544 | D:1      | XOM: cloud trail
   637 | D:1      | Reached XP level 3. HP: 33/33 MP: 2/2
  1612 | D:3      | Found a hide-covered altar of Uskayaw.
  1673 | D:4      | Reached XP level 4. HP: 32/41 MP: 3/3
  1681 | D:4      | XOM: potion effect (invisibility)
  1684 | D:4      | Reached skill level 5 in Long Blades
  1799 | D:4      | XOM: 1-stop teleportation journey
  1883 | D:3      | XOM: confuse monster(s)
  1902 | D:3      | Reached skill level 1 in Stealth
  1902 | D:3      | Reached XP level 5. HP: 22/47 MP: 4/4
  2011 | D:3      | XOM: divination: detect creatures
  2074 | D:3      | Found a bloodstained altar of Trog.
  2075 | D:3      | Noticed a wizard
  2081 | D:3      | Killed a wizard
  2117 | D:3      | XOM: polymorph iguana -> howler monkey
  2284 | D:3      | Identified the +0 scale mail of Thoughtfulness {rF++ rC+}
  2445 | D:4      | Found Vihathos's Antique Armour Shop.
  2552 | D:4      | Found a staircase to the Ecumenical Temple.
  2571 | D:4      | XOM: 4-stop teleportation journey
  2636 | D:4      | XOM: summons 5 friendly demons
  2643 | D:4      | Reached skill level 6 in Long Blades
  2643 | D:4      | Reached XP level 6. HP: 42/55 MP: 5/5
  2790 | D:4      | Found an ancient bone altar of Kikubaaqudgha.
  2923 | D:5      | Entered Level 5 of the Dungeon
  2929 | D:5      | Reached skill level 5 in Fighting
  2949 | D:5      | Noticed an acid dragon
  2962 | D:6      | Killed from afar by an acid dragon

Illustrated notes

Levels and vault maps discovered:
D:1:      roderic_crop_circles_arrival_small, layout_basic,
          shapermc_ecumenical_altar_rom_forum
D:2:      layout_basic
D:3:      layout_rooms, lemuel_crystal_altar, trog_wizard, minmay_pentangle
D:4:      layout_rooms, kennysheep_mini, minmay_temple_entry_steel_oval,
          serial_shops, shop
D:5:      layout_rooms, uniq_pikel, uniq_prince_ribbit1
D:6:      layout_loops_corners, lemuel_crystal_altar, amcnicky_altar_gilded,
          sigmund_army, uniq_maggie

Skill      XL: |  1  2  3  4  5  6 |
---------------+-------------------+-----
Long Blades    | 4 5 6 |  6.1
Fighting       | 4 5 |  5.0
Armour         | 3 |  3.7
Stealth        | 1 |  1.8
Dodging        | 2 |  2.1

Action                     |  1- 3 |  4- 6 || total
---------------------------+-------+-------++-------
  Melee: Falchion          |   112 |   104 ||   216
         Headbutt          |    17 |    18 ||    35
         Punch             |     2 |       ||     2
    Use: Scroll            |       |     3 ||     3
   Stab: Sleeping          |     1 |       ||     1
         Petrified         |       |     4 ||     4
         Invisible         |       |     1 ||     1
         Petrifying        |       |     1 ||     1
 Armour: Leather armour    |    28 |    15 ||    43
         Scale mail        |       |    14 ||    14
  Dodge: Dodged            |    88 |    96 ||   184
